 Dungeon Crawl Stone Soup version 0.24-a0-537-g2d01d4ab0a (webtiles) character file.

Game seed: 15936832073185099756

6652 Norm the Spear-Bearer (level 11, 0/100 HPs)
             Began as an Ogre Abyssal Knight on Aug 13, 2019.
             Was an Elder of Lugonu.
             Succumbed to a killer bee's poison
             ... on level 9 of the Dungeon.
             The game lasted 00:33:45 (13283 turns).

Norm the Spear-Bearer (Ogre Abyssal Knight)        Turns: 13283, Time: 00:33:45

Health: 0/100      AC: 17    Str: 17 (18) XL:     11   Next: 3%
Magic:  14/16      EV:  2    Int: 15 (16) God:    Lugonu [****..]
Gold:   616        SH:  0    Dex:  5 (8)  Spells: 12/14 levels left

rFire    + . .     SeeInvis .   z - +0 trident
rCold    + . .     Gourm    .   (no shield)
rNeg     . . .     Faith    .   F - +1 gold dragon scales
rPois    +         Spirit   .   (helmet restricted)
rElec    .         Reflect  .   M - +2 cloak {+Inv}
rCorr    .         Harm     .   (gloves unavailable)
MR       +....                  (boots unavailable)
Stlth    ..........             I - amulet of rage
HPRegen  0.26/turn              A - +4 ring of evasion
MPRegen  0.15/turn              w - +4 ring of slaying

@: lethally poisoned (0 -> -4)
A: large, unfitting armour, tough skin 1
a: Depart the Abyss, Bend Space, Banish, Corrupt, Renounce Religion, Evoke
Berserk Rage, Evoke Invisibility


You were on level 9 of the Dungeon.
You worshipped Lugonu.
Lugonu was greatly pleased with you.
You were not hungry.

You visited 1 branch of the dungeon, and saw 9 of its levels.
You visited the Abyss 1 time.

You collected 616 gold pieces.

Inventory:

Hand Weapons
 a - a +2 spear
 b - a +0 hunting sling
 x - the +6 rapier "Pih Ce Coxye" {distort, rPois Int+3}
   (You found it on level 4 of the Dungeon)

   It warps and distorts space around it.
   Unwielding it can cause banishment or high damage.
   It affects your intelligence (+3).
   It protects you from poison.
 z - a +0 trident (weapon)
 D - a +0 halberd
Missiles
 e - 52 poisoned darts
 l - 12 javelins
 m - a curare-tipped dart (quivered)
 r - 68 stones
 v - 2 throwing nets
Armour
 q - a +0 robe
 F - +1 gold dragon scales (worn)
 K - a +0 cloak
 M - a +2 cloak of invisibility (worn)
Jewellery
 h - an uncursed ring of stealth
 w - a +4 ring of slaying (right hand)
 A - a +4 ring of evasion (left hand)
 E - an uncursed amulet of magic regeneration
 I - an amulet of rage (around neck)
Wands
 d - a wand of flame (38)
 B - a wand of paralysis (6)
 C - a wand of disintegration (4)
 N - a wand of acid (8)
Scrolls
 f - 3 scrolls of remove curse
 g - 5 scrolls of teleportation
 i - 4 scrolls of enchant weapon
 k - 2 scrolls of magic mapping
 n - a scroll of enchant armour
 p - a scroll of blinking {unknown}
 t - 5 scrolls of amnesia
 u - 3 scrolls of fear {unknown}
 y - a scroll of immolation {unknown}
 Q - a scroll of identify
Potions
 j - 5 potions of lignification
 o - 3 potions of magic
 s - 2 potions of berserk rage {unknown}
 G - 3 potions of curing {unknown}
 H - a potion of brilliance {unknown}
 J - 2 potions of degeneration
 L - a potion of haste {unknown}
 P - a potion of mutation {unknown}
Comestibles
 c - 11 rations
 O - 11 chunks of flesh


   Skills:
 - Level 4.0 Fighting
 - Level 14.0 Polearms
 - Level 2.1 Dodging
 - Level 2.0 Spellcasting
 - Level 3.0 Summonings
 - Level 7.0 Invocations
 + Level 1.7 Evocations


You had 12 spell levels left.
You knew the following spells:

 Your Spells              Type           Power        Failure   Level  Hunger
a - Call Imp              Summ           ##......     100%        2    ###....

Your spell library contained the following spells:

 Spells                   Type           Power        Failure   Level  Hunger
 Corona                   Hex            #......      100%        1    #......
 Magic Dart               Conj           #...         100%        1    #......
 Blink                    Tloc           N/A          100%        2    ###....
 Ensorcelled Hibernation  Hex/Ice        #.....       100%        2    ###....
 Slow                     Hex            #.......     100%        2    ###....
 Confuse                  Hex            #.......     100%        3    ###....
 Conjure Flame            Conj/Fire      #.......     100%        3    ###....
 Dazzling Spray           Conj/Hex       #.....       100%        3    ###....
 Mephitic Cloud           Conj/Pois/Air  #.......     100%        3    ###....
 Tukima's Dance           Hex            #.......     100%        3    ###....


Dungeon Overview and Level Annotations

Branches:
Dungeon (9/15)             Temple (0/1) D:7
   Lair: D:8-11         Orc: D:9-12

Altars:
Xom

Shops:
D:4 }   D:7 [   D:9 %


Innate Abilities, Weirdness & Mutations

You are too large for most types of armour.
You have tough skin. (AC +1)


Message History

You hear an angry buzzing noise.
The killer bee completely misses you.
The killer bee stings you but does no damage. x2
Space bends sharply around you!
The killer bee blinks!
You blink.
Your surroundings seem slightly different.
* * * LOW HITPOINT WARNING * * *
You feel sick.
You hear an angry buzzing noise. x4
Some of the chunks of flesh in your inventory have rotted away.
Unknown command.
* * * LOW HITPOINT WARNING * * *
You feel sick.
The killer bee is no longer berserk.
You hear an angry buzzing noise.
There is an escape hatch in the ceiling here.
Unknown command.
* * * LOW HITPOINT WARNING * * *
You feel sick. The killer bee barely misses you.
Unknown command.
Space bends around you!
You blink.
You die...

#....).<....# #......
#..<..[.....#####......
#...........#...'......
#...........'.###......
#...........### #......
+...........# #......
#...........# #......
#.......§...# #......
#.....@yy...# #......
#...........# #####'#
#...........# ##.#
###'######### ##..#
#y###### #..## #.§§yyy#
###'### ######.#
#[..... #'# #...... .y.
#......


You could see 3 killer bees.

Vanquished Creatures
  Maurice (D:8)
  A queen bee (D:9)
  Prince Ribbit (D:7)
  A troll (D:7)
  2 hippogriffs
  7 spriggans (D:8)
  A hungry ghost (D:8)
  Edmund (D:6)
  Duvessa (D:7)
  A water moccasin (D:8)
  An eye of draining (D:8)
  4 orc warriors
  A phantom (D:4)
  A black bear (D:7)
  2 ice beasts
  2 sky beasts
  5 ogres
  2 centaurs
  A crocodile (D:8)
  Blork the orc (D:6)
  5 bullfrogs
  Dowan (D:7)
  5 killer bees (D:9)
  2 howler monkeys
  A quasit (D:7)
  3 hounds
  A centaur zombie (D:6)
  A bullfrog zombie (D:6)
  A jelly (D:6)
  4 orc priests
  A bullfrog skeleton (D:7)
  2 iguanas
  11 orc wizards
  Crazy Yiuf (D:7)
  A centaur skeleton (D:4)
  6 worker ants
  9 adders
  6 shadow imps
  2 oozes
  2 adder skeletons
  2 worms
  2 dart slugs
  4 leopard geckos
  34 orcs
  6 giant cockroaches
  9 goblins
  8 hobgoblins
  6 jackals
  4 quokkas
  A bat (D:1)
  3 frilled lizards
  A giant cockroach zombie (D:4)
  5 kobolds
  A leopard gecko skeleton (D:2)
  2 quokka skeletons
  A quokka zombie (D:9)
  3 rats
  A butterfly (D:7)
195 creatures vanquished.

Vanquished Creatures (collateral kills)
  Eustachio (D:6)
  A centaur (D:6)
  A bullfrog (D:6)
  A scorpion (D:5)
  2 crimson imps
  An orc priest (D:4)
  A worker ant (D:4)
  2 orcs (D:6)
10 creatures vanquished.

Vanquished Creatures (others)
  3 fungi (D:8)
  5 toadstools (D:8)
8 creatures vanquished.

Grand Total: 213 creatures vanquished

Notes
Turn   | Place    | Note
-------+----------+-------------------------------------------
     0 | Abyss:1  | Norm the Ogre Abyssal Knight began the quest for the Orb.
     0 | Abyss:1  | Reached XP level 1. HP: 24/24 MP: 2/2
    59 | Abyss:1  | Noticed a neqoxec
    63 | D:1      | Escaped the Abyss
   338 | D:1      | Reached XP level 2. HP: 21/32 MP: 3/3
   832 | D:1      | Reached * piety under Lugonu
   832 | D:1      | Reached skill level 3 in Polearms
   832 | D:1      | Reached XP level 3. HP: 30/39 MP: 4/4
  1470 | D:3      | Found a faded altar of an unknown god.
  1501 | D:3      | Reached XP level 4. HP: 46/48 MP: 6/6
  2789 | D:4      | Reached skill level 4 in Polearms
  2964 | D:4      | Reached XP level 5. HP: 34/54 MP: 7/7
  3355 | D:4      | Noticed an ogre
  3356 | D:4      | Found Amoar's Gadget Boutique.
  3360 | D:4      | Noticed a phantom
  3419 | D:3      | Killed an ogre
  3419 | D:3      | Reached skill level 5 in Polearms
  3600 | D:3      | Reached XP level 6. HP: 48/62 MP: 9/9
  3669 | D:3      | Learned a level 2 spell: Call Imp
  3696 | D:4      | Killed a phantom
  3766 | D:4      | Reached ** piety under Lugonu
  3766 | D:4      | Reached skill level 1 in Spellcasting
  3803 | D:4      | Reached skill level 1 in Summonings
  4059 | D:4      | Reached XP level 7. HP: 70/70 MP: 10/10
  4700 | D:4      | Got a pitted rapier
  5027 | D:4      | Identified the +6 rapier "Pih Ce Coxye" {distort, rPois
                  | Int+3} (You found it on level 4 of the Dungeon)
  5046 | D:5      | Entered Level 5 of the Dungeon
  5554 | D:4      | Reached skill level 6 in Polearms
  6241 | D:5      | Reached skill level 5 in Invocations
  6690 | D:4      | Reached XP level 8. HP: 44/78 MP: 2/12
  6967 | D:5      | Reached skill level 7 in Polearms
  7758 | D:6      | Reached skill level 8 in Polearms
  7766 | D:6      | Reached *** piety under Lugonu
  8175 | D:6      | Noticed Blork the orc
  8196 | D:6      | Killed Blork the orc
  8196 | D:6      | Reached XP level 9. HP: 73/84 MP: 10/14
  8276 | D:6      | Noticed Eustachio
  8323 | D:6      | Killed Eustachio
  8323 | D:6      | Reached skill level 9 in Polearms
  8449 | D:6      | Noticed Edmund
  8468 | D:6      | Killed Edmund
  9243 | D:7      | Noticed Dowan
  9264 | D:7      | Killed Dowan
  9267 | D:7      | Noticed Duvessa
  9484 | D:7      | Killed Duvessa
  9484 | D:7      | Reached skill level 10 in Polearms
  9528 | D:7      | Found a shimmering altar of Xom.
  9552 | D:7      | Found a staircase to the Ecumenical Temple.
  9553 | D:7      | Noticed Prince Ribbit
  9588 | D:7      | Killed Prince Ribbit
  9833 | D:7      | Reached skill level 11 in Polearms
  9994 | D:7      | Noticed a troll
 10003 | D:7      | Killed a troll
 10027 | D:7      | Reached XP level 10. HP: 87/92 MP: 15/15
 10153 | D:7      | Found Qophimm's Antique Armour Shoppe.
 10501 | D:7      | Found a runed translucent door.
 10502 | D:7      | Noticed Crazy Yiuf
 10508 | D:7      | Killed Crazy Yiuf
 10737 | D:8      | Noticed Maurice
 10991 | D:8      | Killed Maurice
 10991 | D:8      | Reached skill level 12 in Polearms
 11962 | D:8      | Reached skill level 13 in Polearms
 12282 | D:8      | Reached **** piety under Lugonu
 13071 | D:9      | Found Fisid's Food Boutique.
 13246 | D:9      | Reached skill level 14 in Polearms
 13274 | D:9      | Reached skill level 1 in Evocations
 13274 | D:9      | Reached XP level 11. HP: 44/100 MP: 16/16
 13280 | D:9      | HP: 5/100 [poisoned by a killer bee]
 13283 | D:9      | Succumbed to a killer bee's poison

Levels and vault maps discovered:
D:1:      mrwooster_arrival_statue_3, layout_basic, serial_bayou_pond_e,
          minmay_liquid_box, minmay_ruptured
D:2:      layout_rooms, first_ration, minmay_distorted
D:3:      wander_river, layout_basic, chequers_ecumenical_altar_simple_redux
D:4:      layout_layer_cave, serial_shops, shop
D:5:      layout_rooms
D:6:      layout_loops_ring, grunt_decor_clamped, uniq_eustachio,
          uniq_blork_the_orc, uniq_edmund
D:7:      layout_loops_corners, xom_butterflies, minmay_temple_entry_ruins,
          serial_shops, kennysheep_little_box, uniq_prince_ribbit1,
          uniq_duvessa, uniq_crazy_yiuf_cottage
D:8:      kb_forest_paths, layout_basic, minmay_gold_behind_fungi, uniq_maurice
D:9:      layout_roguey [special_room_bee], david_orc_3, serial_aquarium,
          aquarium_bridge_island_large [aquarium_subvault_large_water,
          aquarium_subvault_bridge, aquarium_subvault_window,
          aquarium_subvault_wall, aquarium_subvault_bridge],
          aquarium_window_fake, aquarium_window_fake, aquarium_view_2d,
          serial_shops, nicolae_shop_stone

Skill      XL: |  1  2  3  4  5  6  7  8  9 10 |
---------------+-------------------------------+-----
Polearms       | 3 4 5 6 8 11 14 | 14.0
Invocations    | 3 4 5 6 7 |  7.0
Spellcasting   | 1 2 |  2.0
Summonings     | 1 2 3 |  3.0
Evocations     | 1 |  1.7
Fighting       | |  4.0
Dodging        | |  2.1

Action                   |  1- 3 |  4- 6 |  7- 9 | 10-12 || total
-------------------------+-------+-------+-------+-------++-------
Melee: Spear             |    83 |   107 |       |       ||   190
       Trident           |       |     1 |   346 |   400 ||   747
 Fire: Hunting sling     |    14 |     8 |       |       ||    22
Throw: Dart              |       |     9 |     3 |       ||    12
 Cast: Call Imp          |       |     6 |    37 |       ||    43
Invok: Depart the Abyss  |     1 |       |       |       ||     1
       Bend Space        |       |       |     6 |     2 ||     8
Evoke: Wand              |       |       |     6 |     4 ||    10
  Use: Scroll            |     5 |       |     1 |     6 ||    12
       Potion            |       |       |       |     1 ||     1
 Stab: Sleeping          |     2 |     4 |       |       ||     6
       Paralysed         |       |       |       |     7 ||     7
  Eat: Chunk             |     2 |     8 |    16 |     9 ||    35
       Ration            |       |       |     2 |     2 ||     4
Armor: Robe              |    11 |    10 |    36 |       ||    57
       Gold dragon scale |       |       |    42 |   190 ||   232
Dodge: Dodged            |    32 |    30 |   123 |    30 ||   215

Table legend:
 A = Non-vault XP
 B = Vault XP
 C = Vault XP percentage of total XP
 D = Non-vault monster count
 E = Vault monster count
 F = Vault count percentage of total count
                 A         B        C        D         E       F
            +---------+---------+-------+---------+---------+-------
      Total |    5007 |    4497 |  47.3 |     170 |      34 |  16.7
            +---------+---------+-------+---------+---------+-------
        D:1 |      33 |       3 |   8.3 |      15 |       2 |  11.8
        D:2 |      28 |       4 |  12.5 |       9 |       1 |  10.0
        D:3 |     173 |       0 |   0.0 |      20 |       0 |   0.0
        D:4 |     889 |       0 |   0.0 |      35 |       0 |   0.0
        D:5 |     419 |       0 |   0.0 |      18 |       0 |   0.0
        D:6 |    1014 |     399 |  28.2 |      32 |       3 |   8.6
        D:7 |    1463 |     545 |  27.1 |      16 |       4 |  20.0
        D:8 |     669 |    2917 |  81.3 |      17 |      18 |  51.4
        D:9 |     319 |     629 |  66.4 |       8 |       6 |  42.9
            +---------+---------+-------+---------+---------+-------
